 Dungeon Sprint DCSS version 0.30-a0-465-g8901f6c8b5 (webtiles) character file.

Game seed: 10406095184459743766

4865 mhtbhm the Severer (level 10, -9/154 HPs)
             Began as a Minotaur Fighter on Dec 18, 2022.
             Was the Champion of Trog.
             Mangled by a nargun (13 damage)
             ... while paralysed by a wendigo
             ... in the Dungeon (Sprint V: "Ziggurat Sprint").
             The game lasted 00:04:01 (998 turns).

mhtbhm the Severer (Minotaur Fighter)                Turns: 998, Time: 00:04:02

Health: -9/154     AC: 19    Str: 31    XL:     10   Next: 26%
Magic:  9/9        EV:  2    Int:  8    God:    Trog [******]
Gold:   0          SH:  0    Dex: 13    Spells: 9/9 levels left

rFire   + + .      SeeInvis +    a - +14 obsidian axe {vorpal, Mesm Drain Fly SInv}
rCold   . . .      Faith    .    c - +18 shield of the Gong {rElec rN+ Will+ EV-5}
rNeg    + . .      Spirit   .    b - +3 scale mail {rF+}
rPois   +          Reflect  .    (helmet restricted)
rElec   +          Harm     .    F - +2 cloak {rCorr}
rCorr   +          Rampage  .    s - +2 pair of gloves {Dex+3}
Will    +....      NoTele   +    (no boots)
Stlth   ..........               (no amulet)
HPRegen 0.45/turn                x - +6 ring of strength
MPRegen 0.11/turn                u - ring of Sif Muna's Wrath {rPois rF+ EV+4 Int+3}

@: paralysed, berserking, petrifying, flying, mesmerised
A: horns 2, retaliatory headbutt
a: Renounce Religion, Berserk, Trog's Hand, Brothers in Arms


You were in the Dungeon.
You worshipped Trog.
Trog was exalted by your worship.
You visited 1 branch

Inventory:

Hand Weapons
 a - the +14 obsidian axe (weapon) {vorpal, Mesm Drain Fly SInv}
   (You found it in the Dungeon)

   It inflicts extra damage upon your enemies.
   It occasionally summons demons to assist the wielder when it strikes in
   combat.
   Its wielder is mesmerised by any visible foes.
   It cannot be unequipped while any foes are visible.
   SInv:      It lets you see invisible.
   Fly:       It grants you flight.
   Drain:     It drains your maximum health when unequipped.
 H - the +12 battleaxe of Perversion {holy, Int+3}
   (You found it in the Dungeon)

   It has been blessed by the Shining One to cause great damage to the undead
   and demons.
   Int:       It affects your intelligence (+3).
Armour
 b - a +3 scale mail of fire resistance (worn)
 c - the +18 shield of the Gong (worn) {rElec rN+ Will+ EV-5}
   (You found it in the Dungeon)

   It is deafeningly noisy when blocking attacks.
   EV:        It affects your evasion (-5).
   rElec:     It insulates you from electricity.
   rN:        It protects you from negative energy.
   Will:      It increases your willpower.
 s - a +2 pair of gloves of dexterity (worn)
 F - a +2 cloak of preservation (worn)
Jewellery
 u - the ring of Sif Muna's Wrath (right hand) {rPois rF+ EV+4 Int+3}
   (You found it in the Dungeon)

   [ring of evasion]

   EV:        It affects your evasion (+4).
   Int:       It affects your intelligence (+3).
   rF:        It protects you from fire.
   rPois:     It protects you from poison.
 x - a +6 ring of strength (left hand)
 y - a +6 ring of strength
 D - a ring of resist corrosion
Wands
 z - a wand of mindburst (7)
 A - a wand of iceblast (5)
 B - a wand of light (7)
Scrolls
 j - 4 scrolls of blinking
 o - 4 scrolls of amnesia
 p - 7 scrolls of fog
 q - 5 scrolls of identify
 r - 2 scrolls of fear
 v - 2 scrolls of brand weapon
 C - 4 scrolls of enchant weapon
Potions
 d - 6 potions of might
 e - 10 potions of curing
 f - 8 potions of heal wounds
 g - 10 potions of haste
 h - 7 potions of magic
 i - 3 potions of berserk rage
 k - 2 potions of brilliance
 l - 2 potions of invisibility
 m - 4 potions of resistance
 n - a potion of experience
Miscellaneous
 t - a phantom mirror
 w - a tin of tremorstones (inert)
 E - a box of beasts


   Skills:
 + Level 14.1 Fighting
 + Level 17.1 Axes
 + Level 11.7 Armour
 + Level 4.3 Dodging
 + Level 1.3 Stealth
 + Level 14.8 Shields
 + Level 2.6 Evocations


You had 9 spell levels left.
You didn't know any spells.
Your spell library was empty.

Dungeon Overview and Level Annotations

Branches:
Dungeon (1/1)

Altars:
Ashenzari
Cheibriados
Dithmenos
Elyvilon
Fedhas
Gozag
Hepliaklqana
Kikubaaqudgha
Makhleb
Nemelex Xobeh
Okawaru
Qazlal
Ru
Sif Muna
Trog
Uskayaw
Vehumet
Wu Jian
Xom
Yredelemnul
Zin
The Shining One
Jiyva
Lugonu


Innate Abilities, Weirdness & Mutations

You have a pair of horns on your head.
You reflexively headbutt those who attack you in melee.


Message History

Unknown command.
You slice the shard shrike!! Your headbutt misses the shard shrike.
The shard shrike is heavily wounded.
The shard shrike misses you.
Unknown command.
Unknown command.
A red film seems to cover your vision as you go berserk!
You feel yourself moving faster!
You feel mighty! The shard shrike claws you! The shard shrike freezes you!!
The nargun barely misses you. The nargun bites you! The nargun freezes you!!
You feel a strong urge to attack something.
Visions of slaying the nargun flood into your mind.
The nargun hits you!
* * * LOW HITPOINT WARNING * * *
You block the nargun's attack.
GONNNNG!
You are slowing down.
You block the wendigo's attack.
BONNNG!
The wendigo bites you but does no damage.
The shard shrike claws you but does no damage.
You slice the wendigo!!
The wendigo is severely wounded.
You slice the nargun!! You barely miss the shard shrike.
Visions of slaying the shard shrike flood into your mind.
You block the shard shrike's attack.
GONNNNG!
The nargun hits you but does no damage.
The nargun bites you but does no damage.
The wendigo fires a burst of electricity at you.
The stunning burst hits you. You resist.
You suddenly lose the ability to move!
* * * LOW HITPOINT WARNING * * *
Visions of slaying the freezing wraith flood into your mind.
The shard shrike claws you.
* * * LOW HITPOINT WARNING * * *
The shard shrike freezes you!!!
* * * LOW HITPOINT WARNING * * *
The shard shrike claws you but does no damage.
The nargun hits you!!
You die...

▓....=:...▓
▓..):|))..▓...[:)}..▓
▓.........▓.........▓
▓.........▓.........▓
▓.........▓...).....▓
▓.........▓...)))...▓
▓.....W...▓.▓.†)..▓.▓
▓....9RW..▓....©....▓
▓....9@b..▓▓▓▓▓▓▓▓▓▓▓
▓▓▓▓▓▓▓▓▓▓▓


You could see a shard shrike, a wendigo, 2 narguns and 2 freezing wraiths.

Vanquished Creatures
  A rime drake (D)
  An ice devil (D)
  2 merfolk (D)
  A guardian mummy (D)
  2 polar bears (D)
  A hornet (D)
  A spriggan (D)
  2 fire elementals (D)
  A water moccasin (D)
  A hell hound (D)
  4 black bears (D)
  An orc warrior (D)
  A centaur (D)
  2 wights (D)
  A crimson imp (D)
  4 orc priests (D)
  2 orc wizards (D)
  2 mummies (D)
  An adder (D)
  2 white imps (D)
  An adder zombie (D)
  2 adder simulacra (D)
  4 orcs (D)
  2 bat simulacra (D)
  A bat zombie (D)
  A ball python (D)
  A ball python simulacrum (D)
  2 ball python zombies (D)
  A giant cockroach zombie (D)
  A jackal simulacrum (D)
49 creatures vanquished.

Vanquished Creatures (collateral kills)
  A hornet (D)
  2 merfolk (D)
  3 spriggans (D)
  A centaur (D)
  A wolf (D)
  A wight (D)
  A fire vortex (D)
10 creatures vanquished.

Vanquished Creatures (others)
  A bat simulacrum (D)
1 creature vanquished.

Grand Total: 60 creatures vanquished

Notes
Turn   | Place    | Note
-------+----------+-------------------------------------------
     0 | D        | mhtbhm the Minotaur Fighter began the quest for the Orb.
     0 | D        | Reached XP level 1. HP: 19/19 MP: 0/0
     0 | D        | Found a shimmering blue altar of Sif Muna.
     0 | D        | Found a bloodstained altar of Trog.
     0 | D        | Found a sacrificial altar of Ru.
     0 | D        | Found a stormy altar of Qazlal.
     0 | D        | Found an iron altar of Okawaru.
     1 | D        | Found a sparkling altar of Nemelex Xobeh.
     1 | D        | Found a blossoming altar of Fedhas.
     1 | D        | Found the +6 Majin-Bo {vamp, MP+6 Int+6}
     1 | D        | Found the +27 heavy crossbow "Sniper" {vorpal, Acc+∞ SInv}
     1 | D        | Found the +10 dark maul {vorpal}
     1 | D        | Found the +15 Maxwell's patent armour {-Cast -Tele rElec
                  | Will+ rCorr}
     1 | D        | Found the +18 shield of the Gong {rElec rN+ Will+ EV-5}
     1 | D        | Found the +14 obsidian axe {vorpal, Mesm Drain Fly SInv}
     1 | D        | Found the +7 great mace "Firestarter" {inner flame, rF++}
     1 | D        | Found the +6 shillelagh "Devastator" {shatter}
     1 | D        | Found the +11 plutonium sword {Contam Stlth-}
     1 | D        | Found the +8 lance "Wyrmbane" {slay drac, rPois rF+ rC+
                  | AC+3}
     1 | D        | Found the +9 sword of Zonguldrok {reap}
     1 | D        | Found the +13 scythe of Curses {drain, Drain}
     1 | D        | Found the +5 sword of Power {vorpal}
     1 | D        | Found the +7 mace of Variability {chain chaos}
     1 | D        | Found the +7 Singing Sword {vorpal, sonic wave}
     1 | D        | Found the +8 storm bow {elec, penet}
     3 | D        | Found a transporter.
     3 | D        | Found an ancient bone altar of Kikubaaqudgha.
     3 | D        | Found a viscous altar of Jiyva.
     3 | D        | Found a corrupted altar of Lugonu.
     3 | D        | Found a hazy altar of Hepliaklqana.
     3 | D        | Found a burning altar of Makhleb.
     3 | D        | Found an opulent altar of Gozag.
    78 | D        | Became a worshipper of Trog the Wrathful
    92 | D        | Entered arena 2.
    92 | D        | Noticed a crimson imp
    92 | D        | Found a transporter.
    98 | D        | Killed a crimson imp
    99 | D        | Reached skill level 5 in Fighting
    99 | D        | Reached skill level 3 in Axes
    99 | D        | Reached skill level 5 in Armour
    99 | D        | Reached skill level 5 in Shields
    99 | D        | Reached XP level 2. HP: 10/29 MP: 1/1
    99 | D        | Reached XP level 3. HP: 13/36 MP: 2/2
   191 | D        | Entered arena 3.
   191 | D        | Noticed a water moccasin
   191 | D        | Found a transporter.
   193 | D        | Reached * piety under Trog
   195 | D        | Killed a water moccasin
   196 | D        | Reached skill level 5 in Axes
   196 | D        | Reached XP level 4. HP: 47/47 MP: 3/3
   196 | D        | Reached XP level 5. HP: 52/52 MP: 4/4
   210 | D        | Entered arena 4.
   210 | D        | Found the +5 glaive of the Guard {elec, spectral, AC+5}
   210 | D        | Noticed a hell hound
   210 | D        | Noticed a fire elemental
   210 | D        | Noticed a fire elemental
   210 | D        | Found a transporter.
   213 | D        | Killed a fire elemental
   213 | D        | Reached ** piety under Trog
   213 | D        | Killed a fire elemental
   214 | D        | Reached skill level 7 in Axes
   214 | D        | Reached skill level 1 in Dodging
   214 | D        | Reached XP level 6. HP: 50/66 MP: 5/5
   214 | D        | Killed a hell hound
   215 | D        | Reached skill level 10 in Fighting
   215 | D        | Reached skill level 8 in Axes
   215 | D        | Reached skill level 10 in Shields
   215 | D        | Reached XP level 7. HP: 56/72 MP: 6/6
   280 | D        | Got the ring of Sif Muna's Wrath {rPois rF+ EV+4 Int+3}
   285 | D        | Entered arena 5.
   285 | D        | Found a transporter.
   288 | D        | Reached *** piety under Trog
   289 | D        | Reached skill level 10 in Armour
   367 | D        | Entered arena 6.
   367 | D        | Noticed a guardian mummy
   367 | D        | Found a transporter.
   369 | D        | Reached **** piety under Trog
   372 | D        | Killed a guardian mummy
   373 | D        | Reached skill level 10 in Axes
   373 | D        | Reached ***** piety under Trog
   484 | D        | Entered arena 7.
   485 | D        | Found a transporter.
   489 | D        | Received a gift from Trog
   493 | D        | Reached skill level 1 in Evocations
   493 | D        | Reached XP level 8. HP: 79/82 MP: 7/7
   503 | D        | Entered arena 8.
   503 | D        | Noticed a merfolk
   503 | D        | Noticed a merfolk
   503 | D        | Noticed a merfolk
   503 | D        | Noticed a merfolk
   504 | D        | Found a transporter.
   506 | D        | Killed a merfolk
   507 | D        | Reached skill level 11 in Axes
   510 | D        | Reached skill level 12 in Axes
   510 | D        | Killed a merfolk
   511 | D        | Killed a merfolk
   512 | D        | Reached skill level 13 in Axes
   512 | D        | Killed a merfolk
   513 | D        | Reached XP level 9. HP: 43/90 MP: 8/8
   647 | D        | Entered arena 9.
   648 | D        | Found a transporter.
   651 | D        | Received a gift from Trog
   654 | D        | Reached skill level 14 in Axes
   656 | D        | Reached ****** piety under Trog
   729 | D        | Entered arena 10.
   729 | D        | Found the +8 Vampire's Tooth {vamp}
   729 | D        | Noticed a rime drake
   729 | D        | Noticed a polar bear
   729 | D        | Noticed an ice devil
   729 | D        | Noticed a polar bear
   731 | D        | Received a gift from Trog
   733 | D        | Found a transporter.
   734 | D        | Killed a rime drake
   734 | D        | Killed a polar bear
   735 | D        | Killed an ice devil
   736 | D        | Reached skill level 15 in Axes
   737 | D        | Killed a polar bear
   880 | D        | Entered arena 11.
   880 | D        | Found the +1 robe of Vines {NoPotionHeal Regen++++}
   880 | D        | Noticed a spriggan rider
   880 | D        | Noticed a spriggan rider
   883 | D        | Found a transporter.
   885 | D        | Received a gift from Trog
   888 | D        | Reached skill level 16 in Axes
   888 | D        | Reached skill level 1 in Stealth
   890 | D        | Reached XP level 10. HP: 73/102 MP: 9/9
   892 | D        | Killed a spriggan rider
   893 | D        | Reached skill level 17 in Axes
   985 | D        | Got the +12 battleaxe of Perversion {holy, Int+3}
   989 | D        | Entered arena 12.
   989 | D        | Noticed a wendigo
   989 | D        | Noticed a shard shrike
   989 | D        | Noticed a nargun
   989 | D        | Noticed a nargun
   992 | D        | Received a gift from Trog
   997 | D        | Paralysed by a wendigo for 1 turns
   998 | D        | HP: 4/154 [shard shrike (32)]
   998 | D        | Mangled by a nargun

Illustrated notes

Levels and vault maps discovered:
D:        sprint_v [room_start, room_1, room_2, room_3, room_4, room_5, room_6,
          room_7, room_8, room_9, room_10, room_11, room_12, room_13, room_14,
          room_15, room_16, room_17, room_18, room_19, room_20, room_21,
          room_22, room_23, room_24, room_25, room_26, room_27]

Skill      XL: |  1  2  3  4  5  6  7  8  9 10 |
---------------+-------------------------------+-----
Fighting       | 5 7 9 10 11 12 13 14 | 14.1
Armour         | 5 7 9 10 11 | 11.7
Shields        | 5 7 9 10 11 12 14 | 14.8
Axes           | 3 5 7 8 10 13 16 17 | 17.1
Dodging        | 1 2 3 4 |  4.3
Evocations     | 1 2 |  2.6
Stealth        | 1 |  1.3

Action                   |  1- 3 |  4- 6 |  7- 9 | 10-12 || total
-------------------------+-------+-------+-------+-------++-------
Melee: Broad axe         |     8 |     2 |    32 |     4 ||    46
       Headbutt          |     1 |       |     2 |     1 ||     4
Invok: Berserk           |       |       |       |     1 ||     1
Evoke: Wand              |       |     2 |       |       ||     2
       Tin of tremorston |       |       |     4 |     2 ||     6
       Phantom mirror    |       |       |     1 |       ||     1
  Use: Potion            |       |       |       |     2 ||     2
Armor: Scale mail        |     2 |       |     8 |     5 ||    15
Dodge: Dodged            |       |       |     6 |     2 ||     8
Block: Kite shield       |    10 |       |    71 |     8 ||    89

Table legend: (Time is in decaauts)
 A = Elapsed time spent in this place.
 B = Non-inter-level travel time spent in this place.
 C = Inter-level travel time spent in this place.
 D = Time resting spent in this place.
 E = Time spent auto-exploring this place.
 F = Levels seen in this place.
 G = Mean time per level.
                   A        B        C        D        E       F      G
               +--------+--------+--------+--------+--------+-----+--------+
         Total |   1003 |   1003 |      0 |    614 |      0 |   1 | 1003.0 |
       Dungeon |   1003 |   1003 |      0 |    614 |      0 |   1 | 1003.0 |
               +--------+--------+--------+--------+--------+-----+--------+

Top non-repeatable levels by time:
       D: 1003 daAuts
